[Event "ICC tourney 2532 (25 5)"]
[Site "Internet Chess Club"]
[Date "2021.04.24"]
[Round "4"]
[White "KYLER GRAY, JONATHAN:K12-17137908"]
[Black "VELIDANDLA, SARVAGNA:K12-15123300"]
[Result "0-1"]
[ICCResult "White checkmated"]
[WhiteElo "1386"]
[BlackElo "1802"]
[Opening "Caro-Kann: exchange, Rubinstein variation"]
[ECO "B13"]
[NIC "CK.02"]
[Time "17:06:30"]
[PlyCount "210"]
[TimeControl "1500+5"]

1. e4 c6 2. d4 d5 3. exd5 cxd5 4. Bd3 Nc6 5. c3 Nf6 6. Bf4 Bg4 7. Qb3 Qd7
8. Nd2 e6 9. Ngf3 Nh5 10. Ne5 Qc8 11. Be3 Nf6 12. Bb5 a6 13. Bxc6+ bxc6 14.
Qa4 Bd6 15. Qxc6+ Qxc6 16. Nxc6 O-O 17. f4 Rfc8 18. Ne5 Bf5 19. O-O Rab8
20. Nb3 Bc2 21. Rf2 Bxb3 22. axb3 Rxb3 23. Rxa6 Ne4 24. Rc2 Bxe5 25. fxe5
Rcb8 26. h3 h6 27. Bc1 R8b7 28. Ra3 R3b6 29. c4 dxc4 30. Rxc4 Rb4 31. Rxb4
Rxb4 32. Rd3 f5 33. exf6 Nxf6 34. Kh2 Nd5 35. b3 Rb7 36. Bd2 Nc7 37. Rc3
Nb5 38. Rc4 Nd6 39. Rc6 Nf5 40. b4 Nxd4 41. Rc4 Nb5 42. Kg3 Nd6 43. Rc2
Ne4+ 44. Kf4 Nxd2 45. Rxd2 Rxb4+ 46. Ke5 Rb6 47. Rd8+ Kf7 48. Rd7+ Kg6 49.
Re7 Rb5+ 50. Kxe6 Rb2 51. Kd5 Rxg2 52. Re3 Kh5 53. Ke4 Kh4 54. Kf4 Rf2+ 55.
Ke4 Rh2 56. Kf5 Rxh3 57. Re7 Rf3+ 58. Kg6 Rg3+ 59. Kh7 Kh5 60. Re5+ Rg5 61.
Re6 Kh4 62. Ra6 h5 63. Ra3 Rg3 64. Ra5 g5 65. Kh6 Rd3 66. Kg6 g4 67. Rxh5+
Kg3 68. Rg5 Rd6+ 69. Kh5 Rd4 70. Ra5 Kh3 71. Kg5 g3 72. Ra1 g2 73. Kf5 Kh2
74. Ke5 Rd2 75. Ke4 g1=Q 76. Rxg1 Kxg1 77. Ke3 Rf2 78. Ke4 Kg2 79. Kd4 Re2
80. Kd3 Kf3 81. Kc4 Re3 82. Kd5 Re4 83. Kc5 Kf4 84. Kd5 Kf5 85. Kd6 Re5 86.
Kc6 Ke6 87. Kc7 Rd5 88. Kc6 Ke5 89. Kb6 Kd6 90. Kb7 Rc5 91. Kb6 Kd5 92. Ka6
Kc6 93. Ka7 Rb5 94. Ka6 Rb1 95. Ka5 Rb5+ 96. Ka4 Kc5 97. Ka3 Kc4 98. Ka4
Kc5 99. Ka3 Rb4 100. Ka2 Kc4 101. Ka3 Kc3 102. Ka2 Rb3 103. Ka1 Kd2 104.
Ka2 Kc2 105. Ka1 Ra3# { White checkmated } 0-1

[Event "ICC tourney 2532 (25 5)"]
[Site "Internet Chess Club"]
[Date "2021.04.24"]
[Round "4"]
[White "LEE, RYAN:K12-15137336"]
[Black "MUKHERJEE, ADITYA:K12-15344130"]
[Result "0-1"]
[ICCResult "White resigns"]
[WhiteElo "1911"]
[BlackElo "1434"]
[Opening "QGD Slav: 3.Nf3"]
[ECO "D11"]
[NIC "SL.01"]
[Time "17:06:19"]
[PlyCount "122"]
[TimeControl "1500+5"]

1. d4 d5 2. c4 c6 3. Nf3 Nf6 4. g3 e6 5. Bg2 Be7 6. O-O O-O 7. Qc2 Qb6 8.
Nbd2 c5 9. e3 cxd4 10. exd4 Nc6 11. c5 Qc7 12. Nb3 Nd7 13. Re1 b6 14. cxb6
Qxb6 15. Bf4 Bb7 16. Rac1 Rac8 17. Qe2 a5 18. Ne5 Ndb8 19. Nxc6 Rxc6 20.
Rxc6 Nxc6 21. Be3 Ba6 22. Qg4 a4 23. Nc5 Bxc5 24. dxc5 Qxb2 25. Qxa4 Qb4
26. Qxb4 Nxb4 27. a3 Nc2 28. Rc1 Bd3 29. Rd1 Bg6 30. Bd2 Nxa3 31. Bb4 Nc4
32. Bf1 Rb8 33. c6 Rxb4 34. c7 Nd6 35. Ra1 h6 36. Ra6 Rb7 37. Rc6 Ra7 38.
h4 f6 39. Rxd6 Rxc7 40. Rxe6 Rc1 41. Kg2 Be4+ 42. f3 Bxf3+ 43. Kxf3 Rxf1+
44. Ke2 Rg1 45. Kf2 Rd1 46. Ke2 Rd4 47. Ke3 Re4+ 48. Rxe4 dxe4 49. Kxe4 Kf7
50. Kf5 g6+ 51. Ke4 Ke6 52. Kd4 Kf5 53. Ke3 Kg4 54. Kf2 g5 55. hxg5 hxg5
56. Kg2 f5 57. Kf2 Kh3 58. Kf3 g4+ 59. Kf4 Kg2 60. Kxf5 Kxg3 61. Ke4 Kf2 {
White resigns } 0-1

[Event "ICC tourney 2532 (25 5)"]
[Site "Internet Chess Club"]
[Date "2021.04.24"]
[Round "4"]
[White "BANSAL, ADVAY:K12-16068511"]
[Black "RAJAMANIKANDAN, SATHA:K12-15310314"]
[Result "1-0"]
[ICCResult "Black checkmated"]
[WhiteElo "1974"]
[BlackElo "1496"]
[Opening "Sicilian: Canal-Sokolsky (Nimzovich-Rossolimo, Moscow) attack"]
[ECO "B51"]
[NIC "SI.01"]
[Time "17:05:58"]
[PlyCount "165"]
[TimeControl "1500+5"]

1. e4 c5 2. Nf3 d6 3. Bb5+ Nd7 4. Ba4 Nf6 5. O-O e6 6. Re1 Be7 7. c4 O-O 8.
Nc3 Nb6 9. Bb3 e5 10. d3 Ne8 11. a4 a5 12. Nd5 Nxd5 13. cxd5 f5 14. Nxe5
dxe5 15. d6+ Kh8 16. dxe7 Qxe7 17. exf5 Rxf5 18. Qe2 Be6 19. Bc2 Rf6 20.
Bg5 Nc7 21. Qxe5 Qf7 22. Bxf6 gxf6 23. Qxc5 Qd7 24. Re3 Nd5 25. Qd4 Nxe3
26. Qxf6+ Kg8 27. fxe3 Rf8 28. Qg5+ Kh8 29. Rf1 Rg8 30. Qe5+ Qg7 31. Qxg7+
Kxg7 32. Rf2 Rb8 33. Rd2 b5 34. d4 bxa4 35. Bxa4 Bd5 36. Bd1 Rf8 37. h3 Be4
38. Bc2 Bxc2 39. Rxc2 a4 40. Rc4 Rb8 41. Rxa4 Rxb2 42. Ra7+ Kg6 43. Re7 Rd2
44. Kh2 h6 45. Kg3 Rd3 46. Kf3 Rd1 47. Re6+ Kg5 48. Re5+ Kg6 49. g3 Rf1+
50. Kg4 Kf6 51. e4 Rc1 52. Rf5+ Ke6 53. d5+ Kd6 54. Kh5 Re1 55. Rf4 Ke5 56.
Kxh6 Rb1 57. Kg5 Rb3 58. Kg4 Rb8 59. h4 Rb6 60. h5 Rb8 61. Kh4 Rh8 62. Rg4
Rh7 63. Rf4 Rh8 64. Kg4 Rg8+ 65. Kf3 Ra8 66. Rf5+ Kd6 67. g4 Ra3+ 68. Kf4
Kc5 69. Ke5 Ra8 70. Rf6 Ra2 71. g5 Rg2 72. Rf5 Rh2 73. h6 Rh4 74. d6 Kc6
75. Rf7 Rh3 76. Ke6 Rh4 77. e5 Rh5 78. Rg7 Kc5 79. d7 Rh3 80. d8=Q Rc3 81.
Rc7+ Kb6 82. Qb8+ Ka6 83. Ra7# { Black checkmated } 1-0

[Event "ICC tourney 2532 (25 5)"]
[Site "Internet Chess Club"]
[Date "2021.04.24"]
[Round "4"]
[White "BOULIS, CHRISTOS:K12-16494901"]
[Black "RAJARAM, ROHAN:K12-15739716"]
[Result "0-1"]
[ICCResult "White resigns"]
[WhiteElo "1506"]
[BlackElo "1905"]
[Opening "Nimzo-Indian: Kmoch variation"]
[ECO "E20"]
[NIC "NI.30"]
[Time "17:07:26"]
[PlyCount "148"]
[TimeControl "1500+5"]

1. d4 Nf6 2. c4 e6 3. Nc3 Bb4 4. f3 O-O 5. a3 Bxc3+ 6. bxc3 d5 7. e3 Nbd7
8. Bd3 dxc4 9. Bxc4 Nb6 10. Bd3 Bd7 11. Ne2 Rc8 12. O-O Re8 13. Ng3 Ba4 14.
Qe2 Qe7 15. e4 c5 16. Bg5 h6 17. Be3 cxd4 18. cxd4 Bb3 19. Rfb1 Bc4 20.
Bxc4 Nxc4 21. a4 b6 22. Bf2 Rc6 23. Rc1 Rec8 24. Nf1 Qb4 25. Rcb1 Qe7 26.
Nd2 Na3 27. Rb3 Nc2 28. Rab1 Na3 29. Ra1 Rc1+ 30. Rxc1 Rxc1+ 31. Be1 Nc2
32. Rb1 Nxd4 33. Qd3 Qc5 34. Rxc1 Ne2+ 35. Kf1 Nxc1 36. Qc4 Qa3 37. Qc2 Nd3
38. Bg3 Nc5 39. Bd6 Qa1+ 40. Ke2 Nxa4 41. Qc8+ Kh7 42. Qc2 g6 43. Nb3 Qg1
44. Kd3 Qf1+ 45. Qe2 Qb1+ 46. Qc2 Nb2+ 47. Kd2 Qxc2+ 48. Kxc2 Nc4 49. e5
Nd7 50. Kd3 Ncxe5+ 51. Kd4 Nc6+ 52. Kc4 a6 53. Nd4 b5+ 54. Kc3 Nxd4 55.
Kxd4 a5 56. Bc7 a4 57. Kc3 Nc5 58. Bb6 Na6 59. Ba5 a3 60. Kb3 b4 61. Bd8
Kg7 62. Be7 f5 63. Bd6 Kf6 64. g3 g5 65. h3 h5 66. g4 hxg4 67. hxg4 e5 68.
gxf5 Kxf5 69. Be7 g4 70. fxg4+ Kxg4 71. Bf6 Kf4 72. Be7 e4 73. Bd6+ Kf3 74.
Bh2 e3 { White resigns } 0-1

[Event "ICC tourney 2532 (25 5)"]
[Site "Internet Chess Club"]
[Date "2021.04.24"]
[Round "4"]
[White "GRABINSKY, JOSHUA:K12-14729181"]
[Black "KARP, RICHARD:K12-15130704"]
[Result "0-1"]
[ICCResult "White checkmated"]
[WhiteElo "2315"]
[BlackElo "1633"]
[Opening "Nimzovich-Larsen attack: symmetrical variation"]
[ECO "A01"]
[NIC "VO.08"]
[Time "17:07:26"]
[PlyCount "212"]
[TimeControl "1500+5"]

1. b3 b6 2. Bb2 Bb7 3. e3 Nf6 4. Nf3 e6 5. c4 c5 6. Qc2 Be7 7. Nc3 Nc6 8.
a3 O-O 9. O-O-O d5 10. Bd3 d4 11. Ne2 e5 12. Ng5 h6 13. h4 Ng4 14. Rdf1
Bxg5 15. hxg5 Qxg5 16. f4 Qe7 17. Bf5 Bc8 18. Ng3 dxe3 19. Bxc8 Raxc8 20.
Nf5 exd2+ 21. Kb1 Qe6 22. Rh4 Rfd8 23. Nxg7 Qd6 24. Rxg4 d1=Q+ 25. Rxd1
Qxd1+ 26. Qxd1 Rxd1+ 27. Kc2 Re1 28. Nf5+ Kf8 29. Nxh6 Ke7 30. Bc3 Nd4+ 31.
Bxd4 exd4 32. Rg7 Rf8 33. g4 Rh1 34. g5 Ke6 35. f5+ Ke5 36. Rh7 Rg1 37. Rg7
a5 38. b4 axb4 39. axb4 Rg3 40. bxc5 bxc5 41. Kd2 Ra8 42. Nxf7+ Kxf5 43.
Nh6+ Kf4 44. Rf7+ Ke4 45. Re7+ Kf4 46. Rf7+ Kxg5 47. Rg7+ Kf4 48. Rf7+ Ke4
49. Re7+ Kf3 50. Rf7+ Kg2 51. Nf5 Ra2+ 52. Kc1 Rc3+ 53. Kb1 Rf2 54. Rg7+
Kf1 55. Ng3+ Ke1 56. Ne4 Rb3+ 57. Kc1 Rf4 58. Nxc5 Rc3+ 59. Kb1 d3 60. Re7+
Kf1 61. Kb2 Rfxc4 62. Rf7+ Ke2 63. Re7+ Kd1 64. Ne4 Rc2+ 65. Kb3 Rxe4 66.
Rxe4 Kd2 67. Re8 Rc7 68. Kb2 Kd1 69. Re6 d2 70. Re5 Rc2+ 71. Kb1 Rc4 72.
Kb2 Rf4 73. Re6 Rf2 74. Re7 Re2 75. Rh7 Re1 76. Rh2 Rf1 77. Rh6 Ke2 78.
Re6+ Kf2 79. Rf6+ Kg2 80. Rg6+ Kh3 81. Rd6 d1=Q 82. Rxd1 Rxd1 83. Kc2 Rf1
84. Kc3 Kg2 85. Kd3 Rf2 86. Kd4 Kg3 87. Ke4 Rf3 88. Kd4 Kf4 89. Kd5 Re3 90.
Kd4 Kf3 91. Kd5 Re4 92. Kc5 Ke3 93. Kd5 Kd3 94. Kd6 Kd4 95. Kc6 Re5 96. Kd6
Ke4 97. Kc7 Rd5 98. Kb6 Kd4 99. Kc6 Kc4 100. Kc7 Kc5 101. Kb7 Rd6 102. Ka8
Rd7 103. Kb8 Rh7 104. Kc8 Kd6 105. Kb8 Kc6 106. Kc8 Rh8# { White checkmated
} 0-1

[Event "ICC tourney 2532 (25 5)"]
[Site "Internet Chess Club"]
[Date "2021.04.24"]
[Round "4"]
[White "KUMAR KOTHAPALLI, PRADHYUMNA:K12-15273893"]
[Black "LU, MAXIMILLIAN:K12-14732597"]
[Result "0-1"]
[ICCResult "White checkmated"]
[WhiteElo "2140"]
[BlackElo "2430"]
[Opening "KP: Nimzovich defense"]
[ECO "B00"]
[NIC "VO.04"]
[Time "17:06:09"]
[PlyCount "162"]
[TimeControl "1500+5"]

1. e4 Nc6 2. d4 e5 3. d5 Nce7 4. c4 Ng6 5. Nf3 Nf6 6. Bd3 Bb4+ 7. Kf1 a5 8.
h3 d6 9. a3 Bc5 10. Bd2 Bd7 11. Nc3 h6 12. Ne2 a4 13. Nc3 Nh7 14. g3 Qf6
15. Kg2 O-O 16. Qc1 Ne7 17. Be3 b6 18. Qd2 g5 19. Nb5 c6 20. Nc3 cxd5 21.
Nxd5 Nxd5 22. cxd5 Qg6 23. g4 Nf6 24. Rae1 h5 25. Bxc5 bxc5 26. Qxg5 hxg4
27. hxg4 Bxg4 28. Reg1 Rfb8 29. Rh6 Qxg5 30. Nxg5 Kg7 31. Rgh1 Rb3 32. Bc4
Rxb2 33. Kg3 Rc2 34. Bb5 Rc3+ 35. f3 Rg8 36. Kf2 Bh5 37. R1xh5 Nxh5 38.
Rxh5 Kg6 39. Rh3 Rb8 40. Bxa4 Rxa3 41. Nxf7 Kxf7 42. Bd7 Rb2+ 43. Kg3 c4
44. Rh7+ Kf6 45. Be6 Rbb3 46. Kg4 Rb1 47. Rf7+ Kg6 48. Rc7 Rg1+ 49. Kh4 c3
50. Bf5+ Kf6 51. Be6 Ra2 52. Rxc3 Rh2+ 53. Bh3 Rg7 54. f4 exf4 55. e5+ Kxe5
56. Rd3 Ke4 57. Ra3 f3 58. Ra4+ Kxd5 59. Ra5+ Kd4 60. Ra4+ Ke5 61. Ra5+ d5
62. Ra8 Rh7+ 63. Kg5 R2xh3 64. Re8+ Kd6 65. Rf8 Rg3+ 66. Kf4 Rhg7 67. Ke3
Rh3 68. Kf2 Rg2+ 69. Ke3 f2+ 70. Ke2 Rh1 71. Rf6+ Ke5 72. Ke3 Kxf6 73. Kf3
f1=Q+ 74. Ke3 Qe2+ 75. Kd4 Rd1+ 76. Kc5 Qc4+ 77. Kd6 d4 78. Kd7 d3 79. Kd8
d2 80. Ke8 Re1+ 81. Kf8 Rg8# { White checkmated } 0-1

[Event "ICC tourney 2532 (25 5)"]
[Site "Internet Chess Club"]
[Date "2021.04.24"]
[Round "4"]
[White "GUO, ARTHUR:K12-14772092"]
[Black "BHAVIKATTI, NEIL:K12-14919064"]
[Result "0-1"]
[ICCResult "White checkmated"]
[WhiteElo "2447"]
[BlackElo "2118"]
[Opening "Ruy Lopez: Anderssen variation"]
[ECO "C77"]
[NIC "RL.12"]
[Time "17:05:58"]
[PlyCount "168"]
[TimeControl "1500+5"]

1. e4 e5 2. Nf3 Nc6 3. Bb5 a6 4. Ba4 Nf6 5. d3 b5 6. Bb3 Be7 7. O-O O-O 8.
a4 b4 9. Nbd2 d6 10. a5 Bg4 11. c3 Rb8 12. Bc4 Qc8 13. Qa4 bxc3 14. bxc3
Na7 15. d4 exd4 16. cxd4 Nb5 17. Qc2 d5 18. exd5 Bf5 19. Bd3 Bxd3 20. Qxd3
Nxd5 21. Ne4 Qf5 22. Bd2 Rbd8 23. Rac1 Nf4 24. Bxf4 Qxf4 25. Rc6 Rd5 26.
Rxa6 Rfd8 27. Nc3 Nxc3 28. Qxc3 c5 29. dxc5 Bxc5 30. Qb3 Rd3 31. Qb5 Bf8
32. Qc6 Rd1 33. g3 Qf5 34. Rxd1 Rxd1+ 35. Kg2 Qd3 36. g4 Qf1+ 37. Kg3 Rd6
38. Qxd6 Bxd6+ 39. Rxd6 f6 40. a6 Qa1 41. Nd4 Qa3+ 42. Kg2 Qxd6 43. a7 Qd5+
44. Kg3 Qb7 45. Nb5 Kf8 46. f4 Ke7 47. h4 Kd7 48. h5 Kc6 49. Nd4+ Kb6 50.
Nf5 Qxa7 51. g5 fxg5 52. fxg5 Qa3+ 53. Kf4 Qf8 54. Ke5 Kc6 55. h6 gxh6 56.
Nxh6 Qg7+ 57. Kf5 Qg6+ 58. Kf4 Kd7 59. Nf5 Ke6 60. Ne3 Qd3 61. Kf3 Kf7 62.
Kf4 Kg6 63. Ng2 Qd4+ 64. Kg3 Kxg5 65. Kf3 Qd1+ 66. Kf2 h5 67. Ne3 Qd2+ 68.
Kf3 h4 69. Nf1 Qd3+ 70. Kf2 h3 71. Nh2 Kf4 72. Nf1 Qf3+ 73. Ke1 Qg2 74. Nd2
Qxd2+ 75. Kxd2 h2 76. Ke2 h1=Q 77. Kd3 Qe4+ 78. Kc3 Qd5 79. Kc2 Qf3 80. Kd2
Ke4 81. Kc2 Kd4 82. Kd2 Qf2+ 83. Kc1 Kc3 84. Kb1 Qb2# { White checkmated }
0-1

[Event "ICC tourney 2532 (25 5)"]
[Site "Internet Chess Club"]
[Date "2021.04.24"]
[Round "4"]
[White "BONAM, SAIGAUTAM:K12-14765995"]
[Black "SG NATHAN, NITISH:K12-15494283"]
[Result "1/2-1/2"]
[ICCResult "Black stalemated"]
[WhiteElo "2193"]
[BlackElo "1941"]
[Opening "Sicilian: Nimzovich-Rossolimo attack (with ...g6, without ...d6)"]
[ECO "B31"]
[NIC "SI.31"]
[Time "17:06:05"]
[PlyCount "181"]
[TimeControl "1500+5"]

1. e4 c5 2. Nf3 Nc6 3. Bb5 g6 4. Bxc6 bxc6 5. O-O Bg7 6. Re1 e5 7. c3 d6 8.
d4 cxd4 9. cxd4 exd4 10. Nxd4 Ne7 11. Nc3 O-O 12. Bg5 Bb7 13. Qd2 Re8 14.
Rad1 Qb6 15. Nb3 Rad8 16. Be3 Qc7 17. Qc2 Qb8 18. Bf4 Be5 19. Bxe5 dxe5 20.
Nc5 Bc8 21. a3 a5 22. Rb1 Qd6 23. b4 axb4 24. axb4 Qd2 25. Qb3 Qg5 26. Re3
h5 27. Rg3 Qh6 28. h3 h4 29. Rf3 Qg7 30. Rd1 Rxd1+ 31. Qxd1 g5 32. Rd3 Ng6
33. Rd8 Qf8 34. Rxe8 Qxe8 35. Qd6 g4 36. hxg4 Bxg4 37. f3 Be6 38. Kh2 Qc8
39. Nxe6 Qxe6 40. Qxe6 fxe6 41. Ne2 Kf7 42. Kh3 Kf6 43. Kg4 Kf7 44. Kg5 Kg7
45. f4 exf4 46. Nxf4 Nf8 47. Kxh4 Kf6 48. Nd3 Nh7 49. Kg4 e5 50. Kf3 Ng5+
51. Ke3 Nf7 52. Nc5 Ke7 53. Nb3 Kd6 54. Na5 Ng5 55. Kd3 Ne6 56. Nc4+ Kc7
57. g3 c5 58. b5 Ng5 59. g4 Nf7 60. Ke3 Kb7 61. Kd3 Kc7 62. Ke3 Kb7 63. Kd2
Kc7 64. Kc3 Kb7 65. Nd2 Nd6 66. g5 Nxb5+ 67. Kc4 Kc6 68. g6 Nd6+ 69. Kd3
Ne8 70. Nc4 Kd7 71. Ne3 Ke6 72. Nf5 Kf6 73. g7 Nxg7 74. Nxg7 Kxg7 75. Kc4
Kf7 76. Kxc5 Ke7 77. Kd5 Kd7 78. Kxe5 Ke7 79. Kd5 Kd7 80. e5 Ke7 81. e6 Ke8
82. Ke5 Ke7 83. Kf5 Ke8 84. Ke4 Ke7 85. Ke5 Ke8 86. Kd6 Kd8 87. Kc6 Ke7 88.
Kd5 Ke8 89. Kd6 Kd8 90. e7+ Ke8 91. Ke6 { Black stalemated } 1/2-1/2

[Event "ICC tourney 2532 (25 5)"]
[Site "Internet Chess Club"]
[Date "2021.04.24"]
[Round "4"]
[White "HELLER, JACK:K12-15613715"]
[Black "WEIHENG CHENG, ADRIEN:K12-16318903"]
[Result "1-0"]
[ICCResult "Black resigns"]
[WhiteElo "1927"]
[BlackElo "1439"]
[Opening "Ruy Lopez: Morphy defense"]
[ECO "C77"]
[NIC "RL.12"]
[Time "17:06:29"]
[PlyCount "153"]
[TimeControl "1500+5"]

1. e4 e5 2. Nf3 Nc6 3. Bb5 a6 4. Ba4 Nf6 5. d4 exd4 6. O-O Bc5 7. Bg5 h6 8.
Bh4 d6 9. Nxd4 Bxd4 10. Qxd4 b5 11. Qc3 Bb7 12. Bb3 O-O 13. f3 Ne5 14. f4
Ng6 15. Bxf6 Qxf6 16. Qxf6 gxf6 17. Nc3 Rfe8 18. a4 bxa4 19. Bxa4 Re7 20.
g3 Nf8 21. Nd5 Bxd5 22. exd5 Rb8 23. b3 f5 24. Bc6 Rb6 25. Rfe1 Ng6 26. Kf2
Kf8 27. Ba4 Rxe1 28. Rxe1 Ne7 29. c4 f6 30. Ke3 Kf7 31. Kd4 h5 32. Kc3 a5
33. Kd4 Rb8 34. Bb5 h4 35. Re3 hxg3 36. hxg3 Rh8 37. c5 Rh1 38. c6 Rd1+ 39.
Rd3 Rc1 40. Rd2 Nc8 41. Bd3 Kg6 42. g4 Nb6 43. Bxf5+ Kf7 44. Be6+ Kg7 45.
Ra2 a4 46. bxa4 Rc4+ 47. Kd3 Rxa4 48. Rxa4 Nxa4 49. Kc4 Nc5 50. Bf5 Kf7 51.
Kd4 Nb3+ 52. Ke3 Na5 53. Bc2 Nc4+ 54. Kd4 Nb6 55. Ke4 Nc4 56. Bd3 Nd2+ 57.
Kd4 Nb3+ 58. Ke3 Nc5 59. Bc2 Na6 60. Kf3 Nb4 61. Be4 Na2 62. g5 Nc3 63. Bd3
fxg5 64. fxg5 Kg7 65. Be4 Na4 66. Kf4 Nc5 67. Bc2 Na6 68. Kf5 Nc5 69. g6
Na6 70. Ke6 Nc5+ 71. Ke7 Na6 72. Kd8 Kg8 73. Bd3 Nc5 74. Bc4 Ne4 75. Kxc7
Nd2 76. Bd3 Nb3 77. Kxd6 { Black resigns } 1-0

[Event "ICC tourney 2532 (25 5)"]
[Site "Internet Chess Club"]
[Date "2021.04.25"]
[Round "5"]
[White "C FOX, NOLAN:K12-30126081"]
[Black "SOLLINGER, SAMUEL:K12-16921437"]
[Result "0-1"]
[ICCResult "White checkmated"]
[WhiteElo "318"]
[BlackElo "943"]
[Opening "Queen's pawn game"]
[ECO "A46"]
[NIC "QP.06"]
[Time "11:02:37"]
[PlyCount "40"]
[TimeControl "1500+5"]

1. d4 Nf6 2. Nf3 Nc6 3. Nc3 d5 4. Bf4 a6 5. e3 e6 6. Bd3 Bd6 7. Bxd6 cxd6
8. O-O e5 9. dxe5 dxe5 10. Qd2 e4 11. Ne5 Nxe5 12. Be2 b5 13. f4 Nc4 14.
Bxc4 bxc4 15. Na4 Bb7 16. Nb6 Qxb6 17. Qc1 Ng4 18. Re1 d4 19. exd4 Qxd4+
20. Kf1 Qf2# { White checkmated } 0-1

[Event "ICC tourney 2532 (25 5)"]
[Site "Internet Chess Club"]
[Date "2021.04.25"]
[Round "5"]
[White "BABLANI, ARNAV:K12-16018565"]
[Black "GALVAN, EFRAIN:K12-15644368"]
[Result "1-0"]
[ICCResult "Black checkmated"]
[WhiteElo "1078"]
[BlackElo "510"]
[Opening "Lengfellner system"]
[ECO "C01"]
[NIC "FR.01"]
[Time "11:02:05"]
[PlyCount "51"]
[TimeControl "1500+5"]

1. e4 e6 2. d4 d6 3. Nf3 Nc6 4. Nc3 Nf6 5. Bg5 Be7 6. Bb5 Bd7 7. O-O O-O 8.
Bxf6 Bxf6 9. d5 exd5 10. exd5 Nb4 11. Bxd7 Qxd7 12. Re1 Qf5 13. Ne4 Nxd5
14. Nxf6+ Nxf6 15. Qd2 Ne4 16. Qd3 Rae8 17. Re2 Re7 18. Rae1 Rfe8 19. Nd2
d5 20. f3 Qf4 21. fxe4 dxe4 22. Nxe4 f5 23. Nf6+ Kf7 24. Nxe8 Kxe8 25.
Rxe7+ Kf8 26. Qd8# { Black checkmated } 1-0

[Event "ICC tourney 2532 (25 5)"]
[Site "Internet Chess Club"]
[Date "2021.04.25"]
[Round "5"]
[White "STORM GALE, LIAM:K12-16845608"]
[Black "CRNKOVICH, LEIF:K12-30020685"]
[Result "1-0"]
[ICCResult "Black checkmated"]
[WhiteElo "1146"]
[BlackElo "634"]
[Opening "King's Indian: Makagonov system (5.h3)"]
[ECO "E71"]
[NIC "KI.31"]
[Time "11:01:47"]
[PlyCount "49"]
[TimeControl "1500+5"]

1. d4 Nf6 2. c4 g6 3. Nc3 Bg7 4. e4 d6 5. h3 e5 6. d5 O-O 7. Be2 Nbd7 8.
Nf3 Nc5 9. Qc2 Ne8 10. Be3 Nd7 11. O-O f5 12. Bg5 Ndf6 13. exf5 Bxf5 14.
Qd2 Ne4 15. Nxe4 Qd7 16. Ng3 Bxh3 17. gxh3 Qxh3 18. Nh2 h6 19. Bg4 Qxg4 20.
Nxg4 hxg5 21. Qxg5 Bf6 22. Qxg6+ Kh8 23. Kg2 Rg8 24. Rh1+ Bh4 25. Rxh4# {
Black checkmated } 1-0

[Event "ICC tourney 2532 (25 5)"]
[Site "Internet Chess Club"]
[Date "2021.04.25"]
[Round "5"]
[White "SEO, CHRISTOPHER:K12-15644992"]
[Black "FRIDLYAND FRIDLYAND, DANIEL:K12-14634753"]
[Result "0-1"]
[ICCResult "White checkmated"]
[WhiteElo "1008"]
[BlackElo "1594"]
[Opening "Sicilian: closed"]
[ECO "B24"]
[NIC "SI.44"]
[Time "11:01:58"]
[PlyCount "36"]
[TimeControl "1500+5"]

1. e4 c5 2. Nc3 g6 3. g3 Bg7 4. Bg2 Nc6 5. d3 Nf6 6. Nf3 O-O 7. O-O d5 8.
exd5 Nxd5 9. Bd2 b6 10. Nh4 e6 11. Nxd5 exd5 12. c3 Bb7 13. Re1 Re8 14.
Rxe8+ Qxe8 15. Bxd5 Qd7 16. Be4 f5 17. Bxc6 Qxc6 18. Qf1 Qh1# { White
checkmated } 0-1

[Event "ICC tourney 2532 (25 5)"]
[Site "Internet Chess Club"]
[Date "2021.04.25"]
[Round "5"]
[White "R PANUELOS, MIKE:K12-15240866"]
[Black "WANG, LUCAS:K12-16797884"]
[Result "1-0"]
[ICCResult "Black checkmated"]
[WhiteElo "1137"]
[BlackElo "548"]
[Opening "Queen's pawn game, Chigorin variation"]
[ECO "D02"]
[NIC "QP.08"]
[Time "11:02:18"]
[PlyCount "59"]
[TimeControl "1500+5"]

1. d4 d5 2. Nf3 Nc6 3. c4 Nf6 4. cxd5 Nxd5 5. e4 Nf6 6. Nc3 Bg4 7. Bd3 Bxf3
8. Qxf3 e5 9. Bg5 exd4 10. Nd5 Be7 11. Bf4 Bd6 12. Bb5 Qd7 13. e5 Bxe5 14.
Bxe5 Qe6 15. Nxc7+ Ke7 16. Nxe6 fxe6 17. Bxf6+ gxf6 18. O-O a6 19. Bxc6
bxc6 20. Qxc6 Rhd8 21. Rfe1 Rd6 22. Qxa8 Rb6 23. Rac1 Rd6 24. Rc7+ Rd7 25.
Rxd7+ Kxd7 26. Rc1 Kd6 27. Qxa6+ Ke5 28. Rc5+ Ke4 29. Qe2+ Kf4 30. g3# {
Black checkmated } 1-0

[Event "ICC tourney 2532 (25 5)"]
[Site "Internet Chess Club"]
[Date "2021.04.25"]
[Round "5"]
[White "CHARLES ENGERISER, WILSON:K12-14899274"]
[Black "CAMPBELL EDELSTEIN, CONNOR:K12-15254082"]
[Result "1-0"]
[ICCResult "Black resigns"]
[WhiteElo "1089"]
[BlackElo "547"]
[Opening "Caro-Kann defense"]
[ECO "B10"]
[NIC "CK.01"]
[Time "11:02:36"]
[PlyCount "127"]
[TimeControl "1500+5"]

1. e4 c6 2. Nf3 d5 3. exd5 cxd5 4. d4 Nc6 5. c3 Bg4 6. Be2 Bxf3 7. Bxf3 Nf6
8. Bf4 e6 9. Nd2 Bd6 10. Bxd6 Qxd6 11. h3 e5 12. dxe5 Qxe5+ 13. Qe2 Qxe2+
14. Bxe2 O-O 15. O-O Rae8 16. Bb5 a6 17. Bxc6 bxc6 18. Nb3 Rb8 19. Rab1 Ne4
20. f3 Ng3 21. Rf2 Rfe8 22. Nc5 Rb6 23. Nd7 Rb5 24. a4 Ra5 25. Ra1 c5 26.
b4 cxb4 27. cxb4 Rd8 28. Rc2 h6 29. bxa5 Rxd7 30. Rc6 d4 31. Rxa6 d3 32.
Rd1 Ne2+ 33. Kf2 Nc3 34. Rd2 g5 35. Rxh6 Nxa4 36. Ke3 Nc5 37. Rc6 Re7+ 38.
Kf2 Nb3 39. Rxd3 Nxa5 40. Rc5 Nb7 41. Rxg5+ Kf8 42. Rb3 Nd6 43. h4 f6 44.
Rd5 Nc4 45. Rbd3 Kf7 46. Rd7 Ne5 47. Rxe7+ Kxe7 48. Rb3 Kf7 49. g4 Kg6 50.
Kg3 Kh6 51. Rb6 Kg6 52. h5+ Kg7 53. h6+ Kxh6 54. Rxf6+ Kg7 55. Rf5 Nd3 56.
g5 Kg6 57. Rd5 Ne1 58. f4 Nc2 59. Rd6+ Kf5 60. Rf6+ Ke4 61. g6 Ne3 62. g7
Nf5+ 63. Rxf5 Kxf5 64. g8=Q { Black resigns } 1-0

[Event "ICC tourney 2532 (25 5)"]
[Site "Internet Chess Club"]
[Date "2021.04.25"]
[Round "5"]
[White "GARRETSON, CYRUS:K12-17195044"]
[Black "LEWIS, CHERISH:K09-17283122"]
[Result "1-0"]
[ICCResult "Black checkmated"]
[WhiteElo "854"]
[BlackElo "274"]
[Opening "Petrov three knights game"]
[ECO "C42"]
[NIC "RG.01"]
[Time "11:00:51"]
[PlyCount "49"]
[TimeControl "1500+5"]

1. e4 e5 2. Nf3 Nf6 3. Nc3 d6 4. Bc4 h6 5. O-O Ng4 6. h3 h5 7. d4 Nc6 8.
dxe5 Ncxe5 9. Nxe5 Nxe5 10. f3 Nxc4 11. a3 Ne5 12. b4 Ng4 13. fxg4 hxg4 14.
Qd3 Be7 15. Nd5 Bh4 16. Bb2 c6 17. Bxg7 Rg8 18. Bf6 Qd7 19. Bxh4 cxd5 20.
Kh2 f6 21. Rae1 Qh7 22. exd5+ Kd7 23. Qxh7+ Rg7 24. Qxg7+ Kd8 25. Qe7# {
Black checkmated } 1-0

[Event "ICC tourney 2532 (25 5)"]
[Site "Internet Chess Club"]
[Date "2021.04.25"]
[Round "5"]
[White "ROGERS, CAM:K12-16639568"]
[Black "PIPER, DARIUS:K12-17113332"]
[Result "0-1"]
[ICCResult "White checkmated"]
[WhiteElo "463"]
[BlackElo "1018"]
[Opening "Polish (Sokolsky) opening"]
[ECO "A00"]
[NIC "VO.10"]
[Time "11:02:45"]
[PlyCount "62"]
[TimeControl "1500+5"]

1. b4 e5 2. Bb2 Bxb4 3. Bxe5 Nf6 4. Bb2 Nc6 5. e3 O-O 6. a3 Bc5 7. Bc4 d5
8. Bb3 Bg4 9. f3 Bf5 10. Ne2 h6 11. Nbc3 Re8 12. O-O Qd7 13. d4 Bb6 14. Qc1
Re7 15. Nd1 Na5 16. c4 Nxb3 17. Qc3 Nxa1 18. Bxa1 dxc4 19. Qxc4 Qc6 20. Qa2
Bd3 21. Ndc3 Bxe2 22. Qxe2 Rd8 23. g4 Rxe3 24. Qxe3 Bxd4 25. Rd1 Bxe3+ 26.
Kg2 Rxd1 27. Ne4 Nxe4 28. fxe4 Qxe4+ 29. Kh3 Qf3+ 30. Kh4 Bg5+ 31. Kh5 g6#
{ White checkmated } 0-1

[Event "ICC tourney 2532 (25 5)"]
[Site "Internet Chess Club"]
[Date "2021.04.25"]
[Round "5"]
[White "LARA, SEBASTIAN:K12-17264378"]
[Black "WOLF MILSTEIN, DAVID:K12-15780704"]
[Result "1-0"]
[ICCResult "Black checkmated"]
[WhiteElo "585"]
[BlackElo "1253"]
[Opening "Vienna game"]
[ECO "C28"]
[NIC "VG.04"]
[Time "11:02:25"]
[PlyCount "61"]
[TimeControl "1500+5"]

1. e4 e5 2. Nc3 Nc6 3. Bc4 Nf6 4. d3 Bc5 5. Na4 Qe7 6. Nxc5 Qxc5 7. Be3
Qb4+ 8. Bd2 Qxb2 9. Rb1 Qa3 10. Nf3 Qe7 11. O-O O-O 12. Bg5 d6 13. h3 Na5
14. Bb3 Be6 15. c4 c5 16. Bc2 b6 17. Qd2 Nc6 18. a3 Rac8 19. Ba4 Nd4 20.
Nxd4 cxd4 21. f4 Bd7 22. Bxd7 Qxd7 23. Bxf6 gxf6 24. f5 Rfd8 25. Qh6 Kh8
26. Qxf6+ Kg8 27. Rf3 Qa4 28. Qh6 Kh8 29. Rg3 Rg8 30. Qf6+ Rg7 31. Qxg7# {
Black checkmated } 1-0